 Dungeon Crawl Stone Soup version 0.20.1-1-g8b1a95d (webtiles) character file.

62 Irenicus the Slasher (level 3, -2/34 HPs)
             Began as a Deep Dwarf Monk on Oct 5, 2017.
             Slain by a phantom (4 damage)
             ... on level 3 of the Dungeon.
             The game lasted 00:03:39 (1176 turns).

Irenicus the Slasher (Deep Dwarf Monk)              Turns: 1176, Time: 00:03:40

Health: -2/34      AC:  3    Str: 13 (14) XL:     3   Next: 85%
Magic:  3/3        EV: 13    Int:  8 (10) God:
Gold:   63         SH:  0    Dex: 14 (16) Spells: 2/2 levels left

rFire    . . .     SeeInvis +   a - +0 falchion
rCold    . . .     Gourm    .   (no shield)
rNeg     . . .     Faith    .   b - +0 robe
rPois    .         Spirit   .   (no helmet)
rElec    .         Reflect  .   (no cloak)
rCorr    +         Harm     .   h - +0 pair of gloves
MR       .....                  (no boots)
Stlth    ++........             (no amulet)
Regen    0.0/turn               p - ring of resist corrosion
MPRegen  0.1/turn               r - ring of see invisible

@: non-regenerating
A: damage resistance, heal wounds, sense surroundings 1, no regeneration
a: Heal Wounds


You were on level 3 of the Dungeon.
You were not hungry.

You visited 1 branch of the dungeon, and saw 3 of its levels.

You collected 63 gold pieces.

Inventory:

Hand Weapons
 a - a +0 falchion (weapon)
Armour
 b - a +0 robe (worn)
 h - a +0 pair of gloves (worn)
Jewellery
 p - a ring of resist corrosion (left hand)
 r - a ring of see invisible (right hand)
Scrolls
 e - a scroll of teleportation {unknown}
 g - 2 scrolls of identify {unknown}
 i - a scroll of recharging {unknown}
 k - a scroll of random uselessness {unknown}
 m - 2 scrolls of remove curse {unknown}
Potions
 j - 2 potions of mutation {unknown}
 l - 3 potions of haste {unknown}
 n - a potion of resistance {unknown}
 o - a potion of heal wounds
Comestibles
 c - 3 bread rations
 d - 2 meat rations
 f - a royal jelly
 q - 3 fruits


   Skills:
 - Level 3.0 Fighting
 + Level 4.6 Long Blades
 - Level 3.2 Dodging
 - Level 2.4 Stealth


You had 2 spell levels left.
You didn't know any spells.

Dungeon Overview and Level Annotations

Branches:
Dungeon (3/15)

Altars:

Annotations:
D:3 Grinder


Innate Abilities, Weirdness & Mutations

You are resistant to damage.
You can heal yourself by infusing magical energy.
You passively map a small area around you.
You do not regenerate.


Message History

* * * LOW HITPOINT WARNING * * *
The phantom blinks!
The phantom blinks!
You see here a ring mail.
You hit the phantom.
The phantom is lightly damaged.
The phantom hits you.
* * * LOW HITPOINT WARNING * * *
The phantom blinks!
An orc comes into view. It is wielding a short sword.
You barely miss the phantom.
The phantom is lightly damaged.
The phantom hits you.
* * * LOW HITPOINT WARNING * * *
You barely miss the phantom.
The phantom is lightly damaged.
The phantom hits you.
* * * LOW HITPOINT WARNING * * *
You fail to use your ability.
The phantom hits you.
You die...

#......# ######
###......#
.....#########........#
...............#......#
..########...###......#
### ###.#...#.#### #
#.......# ### #....[..#
..# * #....@..# ....#
#....W..# ##..#
.........## *...#
,###.......# #* ...,*
#.......# . ..
,,.........# ## ,,
...#.....## # *
...##...o# *


You could see a phantom and an orc (sleeping).

Vanquished Creatures
  A gnoll (D:1)
  2 adders
  A leopard gecko (D:1)
  4 giant cockroaches
  5 goblins
  3 hobgoblins
  3 jackals (D:1)
  A quokka (D:2)
  4 bats
  A frilled lizard (D:2)
  2 kobolds
  5 rats
32 creatures vanquished.

Notes
Turn   | Place    | Note
-------+----------+-------------------------------------------
     0 | D:1      | Irenicus the Deep Dwarf Monk began the quest for the Orb.
     0 | D:1      | Reached XP level 1. HP: 20/20 MP: 1/1
   187 | D:1      | Reached XP level 2. HP: 19/28 MP: 2/2
   676 | D:2      | Reached XP level 3. HP: 8/34 MP: 3/3
   680 | D:2      | Reached skill level 4 in Long Blades
  1112 | D:3      | Noticed Grinder
  1142 | D:3      | Noticed a phantom
  1176 | D:3      | Slain by a phantom

Skill      XL: |  1  2  3 |
---------------+----------+-----
Fighting       | 3 |  3.0
Long Blades    | 4 |  4.6
Dodging        | |  3.2
Stealth        | |  2.4

Action                   || total
-------------------------++-------
Melee: Falchion          ||   103
  Use: Potion            ||     2
 Stab: Sleeping          ||     2
  Eat: Chunk             ||     1
Armor: Robe              ||    19
Dodge: Dodged            ||    62
       Rpst.: Falchion   ||    14
